 Dungeon Crawl Stone Soup version 0.27-a0-1431-gcffa5a9b16 (webtiles) character file.

Game seed: 13495552171621717312

51 freelancePsychic the Skirmisher (level 3, 0/30 HPs)
             Began as a Minotaur Arcane Marksman on July 3, 2021.
             Succumbed to an adder's poison
             ... on level 2 of the Dungeon.
             The game lasted 00:02:12 (1548 turns).

freelancePsychic the Skirmisher (MiAM)              Turns: 1548, Time: 00:02:13

Health: 0/30       AC:  2    Str: 13 (15) XL:     3   Next: 57%
Magic:  3/3        EV:  7    Int:  7 (10) God:
Gold:   39         SH: 11    Dex:  8 (10) Spells: 3/4 levels left

rFire    . . .     SeeInvis .   b - +0 dagger
rCold    . . .     Faith    .   e - +0 tower shield
rNeg     . . .     Spirit   .   d - +0 robe
rPois    .         Reflect  .   (helmet restricted)
rElec    .         Harm     .   (no cloak)
rCorr    .         Rampage  .   (no gloves)
Will     .....                  (no boots)
Stlth    +.........             (no amulet)
HPRegen  0.10/turn              (no ring)
MPRegen  0.08/turn              (no ring)

@: lethally poisoned (0 -> -2)
A: horns 2, retaliatory headbutt
a: no special abilities


You were on level 2 of the Dungeon.
You visited 1 branch of the dungeon, and saw 2 of its levels.

You collected 39 gold pieces.

Inventory:

Hand Weapons
 a - a +0 shortbow
 b - a +0 dagger (weapon)
Missiles
 c - 34 arrows
Armour
 d - a +0 robe (worn)
 e - a +0 tower shield (worn)
Scrolls
 g - a scroll of enchant weapon


   Skills:
 + Level 2.9 Fighting
 - Level 2.5 Bows
 - Level 2.3 Dodging
 + Level 2.3 Shields
 - Level 1.0 Spellcasting
 - Level 2.0 Hexes


You had 3 spell levels left.
You knew the following spells:

 Your Spells              Type           Power      Damage    Failure   Level
a - Corona                Hex            3%         N/A       98%         1

Your spell library contained the following spells:

 Spells                   Type           Power      Damage    Failure   Level
 Slow                     Hex            3%         N/A       99%         2
 Inner Flame              Hex/Fire       1%         N/A       100%        3
 Portal Projectile        Hex/Tloc       2%         N/A       100%        3
 Cause Fear               Hex            1%         N/A       100%        4
 Leda's Liquefaction      Hex/Erth       0%         N/A       100%        4


Dungeon Overview and Level Annotations

Branches:
Dungeon (2/15)

Altars:


Innate Abilities, Weirdness & Mutations

You have a pair of horns on your head.
You reflexively headbutt those who attack you in melee.


Message History

The adder poisons you!
You completely miss the adder. Your headbutt misses the adder.
The adder is severely wounded.
You feel sick. You block the adder's attack. The adder bites you.
You hit the adder.
The adder is almost dead.
You feel sick. The adder barely misses you. You block the adder's attack.
You barely miss the adder.
The adder is almost dead.
You feel sick. You block the adder's attack. x2
You miss the adder. Your headbutt misses the adder.
The adder is almost dead.
You feel sick.
You are no longer poisoned.
The adder bites you.
* * * LOW HITPOINT WARNING * * *
You block the adder's attack.
You miss the adder.
The adder is almost dead.
You block the adder's attack. The adder bites you.
* * * LOW HITPOINT WARNING * * *
You are lethally poisoned!
The adder poisons you!
It was a potion of degeneration.
There was something very wrong with that liquid.
You feel weakened.
You feel dopey.
You feel clumsy.
* * * LOW HITPOINT WARNING * * *
You feel sick. You block the adder's attack.
You hit the adder but do no damage. Your headbutt misses the adder.
The adder is almost dead.
* * * LOW HITPOINT WARNING * * *
You feel sick. You block the adder's attack. The adder bites you.
* * * LOW HITPOINT WARNING * * *
You hit the adder.
You kill the adder!
* * * LOW HITPOINT WARNING * * *
You feel sick.
* * * LOW HITPOINT WARNING * * *
You feel sick.
You die...

#≈≈≈≈.≈######
#..≈...#..P.# .#
#P..........# #.#
##.#........###..#
###........8.......
#...<.###.##.......
#..........#.......
#######...........>
###..@.......
###....##.. #.####
#. #.†# ...## [....
#..... #.....
....8..


There were no monsters in sight!

Vanquished Creatures
  A hound skeleton (D:2)
  An adder (D:2)
  2 endoplasms (D:1)
  A giant cockroach (D:1)
  2 goblins (D:1)
  4 hobgoblins (D:1)
  5 jackals (D:1)
  A quokka (D:1)
  2 ball pythons (D:1)
  4 bats (D:1)
  A jackal skeleton (D:2)
  2 kobolds (D:1)
26 creatures vanquished.

Notes
Turn   | Place    | Note
-------+----------+-------------------------------------------
     0 | D:1      | freelancePsychic the Minotaur Arcane Marksman began the
                  | quest for the Orb.
     0 | D:1      | Reached XP level 1. HP: 16/16 MP: 1/1
    75 | D:1      | Found a faded altar of an unknown god.
   269 | D:1      | Reached XP level 2. HP: 17/24 MP: 2/2
   564 | D:1      | Reached skill level 1 in Shields
  1212 | D:1      | Reached XP level 3. HP: 24/30 MP: 3/3
  1547 | D:2      | HP: 1/30 [poisoned by an adder]
  1548 | D:2      | Succumbed to an adder's poison

Illustrated notes

Levels and vault maps discovered:
D:1:      minmay_arrival_radiant_lines, layout_basic,
          hellmonk_ecumenical_altar_slurped_away
D:2:      layout_rooms, serial_undead, serial_undead_f, serial_undead_d,
          serial_undead_e, serial_undead_f, serial_undead_d, serial_undead_c,
          serial_undead_e, serial_undead_b, serial_undead_c, serial_undead_b,
          uniq_jessica

Skill      XL: |  1  2  3 |
---------------+----------+-----
Fighting       | 2 |  2.9
Shields        | 1 2 |  2.3
Bows           | |  2.5
Dodging        | |  2.3
Spellcasting   | |  1.0
Hexes          | |  2.0

Action                   || total
-------------------------++-------
Melee: Unarmed           ||    60
       Headbutt          ||    18
       Dagger            ||    24
 Fire: Shortbow          ||    11
  Use: Scroll            ||     1
       Potion            ||     1
Armor: Robe              ||    29
Dodge: Dodged            ||    40
Block: Tower shield      ||    67

Table legend: (Time is in decaauts)
 A = Elapsed time spent in this place.
 B = Non-inter-level travel time spent in this place.
 C = Inter-level travel time spent in this place.
 D = Time resting spent in this place.
 E = Time spent auto-exploring this place.
 F = Levels seen in this place.
 G = Mean time per level.
                   A        B        C        D        E       F      G
               +--------+--------+--------+--------+--------+-----+--------+
         Total |   1589 |   1550 |     39 |    200 |   1115 |   2 |  794.5 |
       Dungeon |   1589 |   1550 |     39 |    200 |   1115 |   2 |  794.5 |
               +--------+--------+--------+--------+--------+-----+--------+

Top non-repeatable levels by time:
     D:1: 1497 daAuts
     D:2: 92 daAuts
